 Dungeon Crawl Stone Soup version 0.32-a0-607-g64ea0e4219 (webtiles) character file.

Game seed: 5875541622853519421

2680 jasper the Fighter (level 9, -4/74 HPs)
             Began as a Demonspawn Cinder Acolyte on Mar 3, 2024.
             Was an Elder of Ignis.
             Killed by divine providence
             ... invoked by an orc priest
              (14 damage)
             ... on level 7 of the Dungeon.
             The game lasted 00:08:27 (6381 turns).

jasper the Fighter (Demonspawn Cinder Acolyte)      Turns: 6381, Time: 00:08:28

Health: -4/74      AC: 23    Str: 18    XL:     9   Next: 37%
Magic:  10/10      EV: 12    Int: 16    God:    Ignis [****..]
Gold:   450        SH:  8    Dex: 12    Spells: 10/10 levels left

rFire   + .          .
                       - Unarmed
rCold   . . .        E - +0 buckler of the Tundras {Dex+4 Stlth+}
rNeg    . . .        l - +0 ring mail
rPois   +            (no helmet)
rElec   .            u - +0 cloak
rCorr   .            (no gloves)
SInv    .            s - +0 pair of boots
Will    +....        c - amulet of reflection
Stlth   ++           e - ring of poison resistance
HPRegen 0.32/turn    (no ring)
MPRegen 0.12/turn

%: reflection
@: sanguine armoured, fiery-armoured, enlightened, flying
A: claws 1, ignite blood 2, sanguine armour 2
a: Renounce Religion, Fiery Armour, Foxfire Swarm, Rising Flame


You were on level 7 of the Dungeon.
You worshipped Ignis.
Ignis was greatly pleased with you.
You visited 1 branch of the dungeon, and saw 7 of its levels.

You collected 450 gold pieces.

Inventory:

Missiles
 i - 53 stones (quivered)
 n - 3 curare-tipped darts
 B - 4 javelins
Armour
 a - a +0 robe
 j - a +0 scale mail
 k - a +0 chain mail
 l - a +0 ring mail (worn)
 p - the +1 leather armour of Dishonour {Str+4}
   (You found it on level 4 of the Dungeon)

   Str+4:     It affects your strength (+4).
 s - a +0 pair of boots (worn)
 u - a +0 cloak (worn)
 w - a +0 pair of gloves
 E - the +0 buckler of the Tundras (worn) {Dex+4 Stlth+}
   (You found it on level 7 of the Dungeon)

   Dex+4:     It affects your dexterity (+4).
   Stlth+:    It makes you more stealthy.
Jewellery
 c - an amulet of reflection (around neck)
 e - a ring of poison resistance (left claw)
 g - an amulet of faith
 y - a ring of flight
Wands
 t - a wand of digging (2)
Scrolls
 h - 4 scrolls of teleportation
 m - 3 scrolls of poison
 r - a scroll of revelation
 D - a scroll of fear {unknown}
 F - a scroll of summoning
Potions
 b - 2 potions of attraction
 d - a potion of cancellation {unknown}
 f - a potion of magic {unknown}
 o - a potion of curing {unknown}
 q - a potion of lignification {unknown}
 v - a potion of enlightenment
 x - a potion of mutation {unknown}
 z - a potion of berserk rage {unknown}
 A - 3 potions of heal wounds {unknown}
 C - a potion of degeneration {unknown}


   Skills:
 + Level 8.0 Fighting
 + Level 6.5 Dodging
 + Level 7.5 Unarmed Combat
 - Level 1.0 Spellcasting
 - Level 2.6 Fire Magic


You had 10 spell levels left.
You didn't know any spells.
Your spell library contained the following spells:

 Spells                   Type           Power      Damage    Failure   Level
 Scorch                   Fire           18%        2d5       26%         2
 Apportation              Tloc           0%         N/A       47%         1
 Necrotise                Necr           0%         1d4       47%         1
 Slow                     Hex            0%         N/A       47%         1
 Sting                    Conj/Alch      0%         1d3       47%         1
 Summon Small Mammal      Summ           0%         N/A       47%         1
 Lesser Beckoning         Tloc           0%         N/A       63%         2
 Confusing Touch          Hex            0%         N/A       85%         3
 Fugue of the Fallen      Necr           0%         N/A       85%         3
 Gell's Gravitas          Tloc           0%         N/A       85%         3
 Ozocubu's Armour         Ice            0%         N/A       85%         3
 Sigil of Binding         Hex            0%         N/A       85%         3
 Teleport Other           Tloc           0%         N/A       85%         3
 Vampiric Draining        Necr           0%         2d6       85%         3
 Manifold Assault         Tloc           0%         N/A       99%         4
 Olgreb's Toxic Radiance  Alch           0%         N/A       99%         4
 Ozocubu's Refrigeration  Ice            0%         4d7       100%        7
 Discord                  Hex            0%         N/A       100%        8


Dungeon Overview and Level Annotations

Branches:
Dungeon (7/15)             Temple (0/1) D:6

Altars:
Dithmenos
Gozag
Vehumet

Annotations:
D:5 exclusion: door


Innate Abilities, Weirdness & Mutations

You have sharp fingernails.
Your demonic aura often causes spilled blood to erupt in flames.
When seriously injured, your blood forms thick armour. (AC +9)


Message History

Pikel burns you.
You take 15 damage, and have 34/73 hp.
MASSIVE DAMAGE!!
You claw Pikel!
Pikel is severely wounded.
The orc priest begins to cast a cantrip, but forgets the words!
You barely miss Pikel.
Pikel is severely wounded.
Pikel closely misses you.
You closely miss Pikel.
Pikel is severely wounded.
Pikel hits you but does no damage.
The orc priest calls down the wrath of Beogh upon you.
Beogh smites you!
You take 12 damage, and have 23/73 hp.
You scratch Pikel.
Pikel is almost dead.
Pikel completely misses you.
The orc priest invokes the aid of Beogh against you.
Beogh smites you!
* * * LOW HITPOINT WARNING * * *
You take 14 damage, and have 9/73 hp.
Okay, then.
A protective cloak of flame settles atop you.
Pikel closely misses you.
The orc wizard mumbles some strange words.
The orc wizard flickers and vanishes!
Deactivating autopickup; reactivate with Ctrl-A.
You claw Pikel!
You kill Pikel!
With Pikel's spell broken, his former minions thank you for their freedom.
The lemure departs this earthly plane. x3
Your Fighting skill increases to level 8!
Okay, then.
It was a potion of enlightenment.
You feel very buoyant.
You fly up into the air.
The orc priest invokes the aid of Beogh against you.
Beogh smites you!
You die...
Ignis goes out, and joins you in death.

..........#.........#.......####.
#......#....##...######.....##
#......#....##...##...#.....#.
#......#..........#...#.....#.
#......#....##....#...#.....#.
#....5..§o####....#...#.....'.
#..###.###§o{##...##'###.....##
#..# .... ##.s##...#............
...##..⌠.⌠. ##o)@..............^.
####........ ########............
#.........) #............
#...._._..⌠. #............
......# #.#+#####+### #.# ....
#.# .... #.. .... ....


You could see a scorpion, 2 orc priests and an orc.

Vanquished Creatures
  Pikel (D:7)
  Edmund (D:6)
  Pargi (D:5)
  2 water moccasins
  An orc warrior (D:7)
  2 ice beasts (D:6)
  A black bear (D:4)
  An ogre (D:5)
  A phantom (D:7)
  A bullfrog (D:7)
  6 scorpions
  2 howler monkeys (D:5)
  5 hounds
  2 bombardier beetles (D:5)
  A jelly (D:4)
  2 orc priests
  Jessica (D:3)
  An iguana (D:4)
  7 orc wizards
  Natasha (twice) (D:3)
  Terence (D:2)
  3 gnolls (D:4)
  9 adders
  2 ufetubi (D:5)
  A ribbon worm (D:2)
  3 dart slugs
  22 orcs
  8 ball pythons
  5 bats
  5 endoplasms
  5 giant cockroaches
  5 goblins
  3 hobgoblins
  4 jackals
  5 quokkas
  5 kobolds
  2 rats (D:1)
  A spectral goblin (D:2)
  A butterfly (D:1)
131 creatures vanquished.

Notes
Turn   | Place    | Note
-------+----------+-------------------------------------------
     0 | D:1      | jasper the Demonspawn Cinder Acolyte began the quest for
                  | the Orb.
     0 | D:1      | Reached XP level 1. HP: 18/18 MP: 2/2
   282 | D:1      | Gained mutation: Your demonic aura sometimes causes spilled
                  | blood to erupt in flames. [demonic ancestry]
   282 | D:1      | Reached XP level 2. HP: 24/24 MP: 3/3
  1040 | D:1      | Reached skill level 1 in Dodging
  1168 | D:2      | Gained mutation: Your demonic aura often causes spilled
                  | blood to erupt in flames. [demonic ancestry]
  1168 | D:2      | Reached XP level 3. HP: 29/29 MP: 4/4
  1773 | D:2      | Found a faded altar of an unknown god.
  1778 | D:2      | Noticed Terence
  1785 | D:2      | Killed Terence
  1786 | D:2      | Gained mutation: You have sharp fingernails. [demonic
                  | ancestry]
  1786 | D:2      | Reached XP level 4. HP: 23/36 MP: 5/5
  2373 | D:3      | Noticed Natasha
  2402 | D:3      | Killed Natasha
  2545 | D:3      | Noticed Pargi
  2649 | D:3      | Noticed a water moccasin
  2660 | D:3      | Killed a water moccasin
  2661 | D:3      | Reached skill level 4 in Fighting
  2661 | D:3      | Gained mutation: When seriously injured, your blood forms
                  | armour. (AC +9) [demonic ancestry]
  2661 | D:3      | Reached XP level 5. HP: 39/42 MP: 6/6
  2690 | D:3      | Noticed Natasha
  2695 | D:3      | Killed Natasha
  2745 | D:3      | Noticed Jessica
  2752 | D:3      | Killed Jessica
  2753 | D:3      | Gained mutation: When seriously injured, your blood forms
                  | thick armour. (AC +9) [demonic ancestry]
  2753 | D:3      | Reached XP level 6. HP: 30/49 MP: 7/7
  2969 | D:4      | Identified the +1 leather armour of Dishonour {Str+4}
  3358 | D:4      | Reached skill level 5 in Fighting
  3358 | D:4      | Reached skill level 5 in Unarmed Combat
  3358 | D:4      | Reached XP level 7. HP: 27/56 MP: 8/8
  3690 | D:4      | Found a radiant altar of Vehumet.
  3702 | D:4      | Found a shadowy altar of Dithmenos.
  4154 | D:5      | Entered Level 5 of the Dungeon
  4326 | D:5      | Killed Pargi
  4497 | D:5      | Reached skill level 6 in Fighting
  4497 | D:5      | Reached XP level 8. HP: 57/64 MP: 9/9
  5286 | D:6      | Noticed Edmund
  5310 | D:6      | Killed Edmund
  5311 | D:6      | Reached skill level 5 in Dodging
  5402 | D:6      | Reached skill level 7 in Fighting
  5441 | D:6      | Found a staircase to the Ecumenical Temple.
  6069 | D:7      | Reached XP level 9. HP: 60/72 MP: 10/10
  6275 | D:7      | Identified the +0 buckler of the Tundras {Dex+4 Stlth+}
  6337 | D:7      | Found a shadowy altar of Dithmenos.
  6338 | D:7      | Found an opulent altar of Gozag.
  6342 | D:7      | Noticed Pikel
  6380 | D:7      | Killed Pikel
  6381 | D:7      | Reached skill level 8 in Fighting
  6381 | D:7      | Killed from afar by an orc priest

Illustrated notes

Levels and vault maps discovered:
D:1:      spicycebolla_arrival_clurvy, layout_basic
D:2:      layout_loops_corners, dreamdust_ecumenical_altar_drowned_temple,
          uniq_terence
D:3:      layout_loops_cross, uniq_natasha, uniq_jessica, uniq_pargi
D:4:      layout_loops_corners, jmf_multi_god_temple2
D:5:      cheibrodos_two_vegetables, layout_basic
D:6:      layout_gridville, minmay_temple_entry_drinking_statues,
          serial_library_hellmonk_small_alcove, uniq_edmund
D:7:      minmay_the_grid_octo_tiled_squarecenter
          [minmay_the_grid_octo_concentric, minmay_the_grid_octo_checkerflower,
          minmay_the_grid_octo_shrine, minmay_the_grid_octo_pinwheel,
          minmay_the_grid_square_5x5_megaprize_crossed,
          minmay_the_grid_square_5x5_almost_minimal,
          minmay_the_grid_square_5x5_meh, minmay_the_grid_square_5x5_percent,
          minmay_the_grid_square_5x5_misaligned], layout_gridville, uniq_pikel

Skill      XL: |  1  2  3  4  5  6  7  8  9 |
---------------+----------------------------+-----
Unarmed Combat | 3 4 5 6 7 |  7.5
Dodging        | 1 2 3 4 5 6 |  6.5
Fighting       | 4 5 6 7 8 |  8.0
Spellcasting   | |  1.0
Fire Magic     | |  2.6

Action                     |  1- 3 |  4- 6 |  7- 9 || total
---------------------------+-------+-------+-------++-------
  Melee: Unarmed           |   153 |    91 |   288 ||   532
         Punch             |     2 |     2 |     7 ||    11
  Throw: Stone             |     5 |     3 |     2 ||    10
 Invoke: Fiery Armour      |     1 |     1 |     3 ||     5
    Use: Scroll            |       |     5 |     1 ||     6
         Potion            |       |       |     1 ||     1
   Stab: Sleeping          |     1 |       |       ||     1
 Armour: Robe              |    40 |       |       ||    40
         Scale mail        |    34 |    44 |       ||    78
         Ring mail         |       |    13 |   182 ||   195
  Dodge: Dodged            |    53 |    35 |   135 ||   223
  Block: Other             |    28 |    17 |    38 ||    83
         Buckler           |       |       |     6 ||     6

Table legend: (Time is in decaauts)
 A = Elapsed time spent in this place.
 B = Non-inter-level travel time spent in this place.
 C = Inter-level travel time spent in this place.
 D = Time resting spent in this place.
 E = Time spent auto-exploring this place.
 F = Levels seen in this place.
 G = Mean time per level.
                   A        B        C        D        E       F      G
               +--------+--------+--------+--------+--------+-----+--------+
         Total |   6345 |   6227 |    118 |    265 |   4608 |   7 |  906.4 |
       Dungeon |   6345 |   6227 |    118 |    265 |   4608 |   7 |  906.4 |
               +--------+--------+--------+--------+--------+-----+--------+

Top non-repeatable levels by time:
     D:4: 1284 daAuts
     D:2: 1069 daAuts
     D:1: 1060 daAuts
     D:5: 919 daAuts
     D:6: 873 daAuts
     D:3: 730 daAuts
     D:7: 407 daAuts
